cohdb
Replays
Latest Replays
All Replays
Popular Replays
Top Player Replays
Match Explorer
How It Works
Community
CoH3 Stats
Reddit
Sign in to upload your games and track your stats! →
Sign in with Steam
Match 41530458
Unlisted
Match 41530458
Overview
Messages
Build Orders
End
Kradschützen Motorcycle Team
Panzerpioneer Squad
Selects Armored Support Battlegroup
Panzergrenadier Squad
250 Light Carrier
Panzergrenadier Squad
Construct Light Support Kompanie
Selects Salvage Kits
Fire Support Elements
Flakvierling Half-track
Assault Mechanized Group
Selects Veteran Gunners
Panzerjäger Squad
Vehicle Survival Package
2.5-tonne Medical Truck
Construct Panzerarmee Kommand
Panzergrenadier Squad
Panzer III L Medium Tank
Selects Flammpanzer III Medium Tank
Emergency Repair Kits
Flak 36 Anti-tank Gun Team
Flammpanzer III Medium Tank
Rapid Advance
Walking Stuka Rocket Launcher
Selects Command Panzer IV F Medium Tank
Veteran Squad Leaders
Flammpanzer III Medium Tank
Command Panzer IV F Medium Tank
Selects Panzer Storm
Selects Stuka Anti-tank Loiter
Trion
Bobblehead
0
0
Comments
sign in to comment!
No comments posted yet!